 Dungeon Crawl Stone Soup version 0.22-a0-445-g8c8ef71 (webtiles) character file.

53 Gorice the Chopper (level 3, -1/43 HPs)
             Began as a Barachi Berserker on June 2, 2018.
             Was a Believer of Trog.
             Slain by a gnoll
             ... wielding a +0 whip
              (7 damage)
             ... on level 4 of the Dungeon.
             The game lasted 00:04:27 (1260 turns).

Gorice the Chopper (Barachi Berserker)              Turns: 1260, Time: 00:04:27

Health: -1/43      AC:  2    Str: 24    XL:     3   Next: 89%
Magic:  3/3        EV: 12    Int:  7    God:    Trog [**....]
Gold:   41         SH:  0    Dex: 11    Spells: 2/2 levels left

rFire    . . .     SeeInvis .   a - +0 hand axe
rCold    . . .     Gourm    .   (no shield)
rNeg     . . .     Faith    .   f - +0 animal skin
rPois    +         Spirit   .   (no helmet)
rElec    .         Reflect  .   (no cloak)
rCorr    .         Harm     .   (no gloves)
MR       .....                  (no boots)
Stlth    ..........             (no amulet)
HPRegen  0.14/turn              g - ring of poison resistance
MPRegen  0.08/turn              (no ring)

@: berserking, quick
A: +LOS, swims, slowness 1, strong legs 1
a: Hop, Berserk, Trog's Hand, Renounce Religion


You were on level 4 of the Dungeon.
You worshipped Trog.
Trog was pleased with you.
You were hungry.

You visited 1 branch of the dungeon, and saw 3 of its levels.

You collected 41 gold pieces.

Inventory:

Hand Weapons
 a - a +0 hand axe (weapon)
 b - a +0 dagger of venom
   (You took it off a kobold on level 1 of the Dungeon)
Missiles
 Y - 88 stones (quivered)
Armour
 f - a +0 animal skin (worn)
 i - a +3 leather armour
Jewellery
 g - a ring of poison resistance (left hand)
Scrolls
 e - 2 scrolls of identify
 j - 2 scrolls of immolation {unknown}
 m - a scroll of fog {unknown}
 o - a scroll of blinking {unknown}
Potions
 h - a potion of heal wounds {!q}
 k - a potion of degeneration {unknown}
 l - a potion of flight
 n - a potion of might {!q}
Comestibles
 c - 2 rations


   Skills:
 - Level 3.6 Fighting
 * Level 5.1 Axes
 - Level 2.4 Armour
 - Level 2.1 Dodging


You had 2 spell levels left.
You didn't know any spells.
Your spell library was empty.

Dungeon Overview and Level Annotations

Branches:
Dungeon (2/15)

Altars:


Innate Abilities, Weirdness & Mutations

Shadows flee at your approach. (+LOS)
You can swim through water.
You cover ground slowly.
You can hop short distances.


Message History

You destroy the hound skeleton!
Trog accepts your kill.
Your Axes skill increases to level 5!
No target in view!
Your +0 dagger of venom begins to drip with poison!
b - a +0 dagger of venom (weapon)
You start resting.
Some of the chunks of flesh in your inventory have rotted away.
Eating a chunk of flesh.
You eat the chunk of flesh.
This raw flesh tastes terrible.
HP restored.
There is an open door here.
You open the door.
There is an open door here.
An orc, an orc priest and an orc wizard come into view.
Unknown command.
There is an open door here.
A gnoll comes into view. It is wielding a whip.
The gnoll shouts!
A gnoll comes into view. It is wielding a halberd.
A gnoll comes into view. It is wielding a club.
The gnoll moves out of view.
A gnoll comes into view. It is wielding a trident.
The gnoll shouts! x3
The gnoll hits you with a whip!
Damage: 7 (max 7)
You barely miss the orc. The orc hits you with a mace.
The gnoll barely misses you.
Damage: 4 (max 7)
You barely miss the orc. The gnoll completely misses you.
The orc hits you with a mace. The gnoll closely misses you.
Damage: 1 (max 7)
You closely miss the orc. The gnoll misses you.
The gnoll completely misses you. The orc barely misses you.
You barely miss the orc. The gnoll hits you with a whip.
* * * LOW HITPOINT WARNING * * *
The orc barely misses you.
Damage: 3 (max 7) Unknown command.
Your +0 dagger of venom stops dripping with poison.
a - a +0 hand axe (weapon)
The gnoll hits you with a whip!
* * * LOW HITPOINT WARNING * * *
Damage: 10 (max 10) Unknown command.
A red film seems to cover your vision as you go berserk!
You feel yourself moving faster!
You feel mighty!
You are feeling hungry.
The orc barely misses you. The gnoll hits you with a whip!
You die...

#.# #.# ##'########
#.........# #.........#
#.........# .###
#.........#
......########.........#
#.gggg@o..'.........#
......########.........#
.#.. #.........# ..
#..o........#####
#..o........#
#...........#
#.o.........+
#...........#
#.!.........#


You could see 4 gnolls and an orc.

Vanquished Creatures
  A hound skeleton (D:4)
  An adder (D:2)
  A worm (D:2)
  A dart slug (D:4)
  5 giant cockroaches
  6 goblins
  2 hobgoblins (D:1)
  2 kobolds (D:1)
  3 bats
  2 frilled lizards (D:1)
  4 rats (D:1)
28 creatures vanquished.

Notes
Turn   | Place    | Note
-------+----------+-------------------------------------------
     0 | D:1      | Gorice the Barachi Berserker began the quest for the Orb.
     0 | D:1      | Reached XP level 1. HP: 18/18 MP: 1/1
   109 | D:1      | Reached XP level 2. HP: 19/24 MP: 2/2
   205 | D:1      | Reached skill level 4 in Axes
   761 | D:2      | Reached XP level 3. HP: 27/29 MP: 3/3
   786 | D:2      | Reached ** piety under Trog
  1054 | D:2      | You fall through a shaft for 2 floors!
  1130 | D:4      | Reached skill level 5 in Axes
  1259 | D:4      | HP: 4/29 [gnoll/whip (10)]
  1260 | D:4      | Slain by a gnoll

Vault maps used:
D:1:      minmay_arrival_stone_box
D:4:      uniq_blork_the_orc, uniq_duvessa

Skill      XL: |  1  2  3 |
---------------+----------+-----
Axes           | 4 5 |  5.1
Fighting       | |  3.6
Armour         | |  2.4
Dodging        | |  2.1

Action                   || total
-------------------------++-------
Melee: Dagger            ||    67
       Hand axe          ||    14
Throw: Stone             ||     4
Invok: Berserk           ||     1
  Use: Scroll            ||     6
  Eat: Chunk             ||     2
Armor: Animal skin       ||     7
Dodge: Dodged            ||    54

Table legend:
 A = Spawn XP
 B = Non-spawn XP
 C = Spawn XP percentage of total XP
 D = Spawn monster count
 E = Non-spawn monster count
 F = Spawn count percentage of total count
 G = Total turns spent on level
                    A         B        C        D         E        F      G
               +---------+---------+-------+---------+---------+-------+---------
         Total |       0 |      77 |   0.0 |       0 |      28 |   0.0 |  1260
               +---------+---------+-------+---------+---------+-------+---------
           D:1 |       0 |      32 |   0.0 |       0 |      21 |   0.0 |   760
           D:2 |       0 |      23 |   0.0 |       0 |       5 |   0.0 |   294
           D:4 |       0 |      22 |   0.0 |       0 |       2 |   0.0 |   206
               +---------+---------+-------+---------+---------+-------+---------

Table legend:
 A = Turns spent in this place as a percentage of turns spent in the entire game.
 B = Non-inter-level travel turns spent in this place as a percentage of non-inter-level travel turns spent in the entire game.
 C = Inter-level travel turns spent in this place as a percentage of turns spent in this place.
 D = Turns resting spent in this place as a percentage of non-inter-level travel turns spent in this place.
 E = Turns spent auto-exploring this place as a percentage of non-inter-level travel turns spent in this place.
 F = Non-inter-level travel turns spent in this place divided by the number of levels of this place that you've seen.
                   A       B       C       D       E      F
               +-------+-------+-------+-------+-------+----------------------
         Total | 100.0 | 100.0 |   3.2 |  12.7 |  54.0 | 406.7
       Dungeon | 100.0 | 100.0 |   3.2 |  12.7 |  54.0 | 406.7
               +-------+-------+-------+-------+-------+----------------------

Vault maps used:
D:1:      minmay_arrival_stone_box
D:4:      uniq_blork_the_orc, uniq_duvessa
